 Dungeon Crawl Stone Soup version 0.14-a0-987-gc8002fa (webtiles) character file.

1902 Inkie the Geomancer (level 8, -4/41 HPs)
             Began as a Gargoyle Earth Elementalist on Nov 21, 2013.
             Slain by an ogre
             ... wielding a +0,+0 giant club
              (15 damage)
             ... on Level 6 of the Dungeon.
             The game lasted 00:44:17 (9255 turns).

Inkie the Geomancer (Gargoyle Earth Elementalist)   Turns: 9255, Time: 00:44:17

HP  -4/41        AC 11     Str 12      XL: 8   Next: 84%
MP  16/19        EV 10     Int 18      God:
Gold 378         SH  0     Dex 10      Spells:  5 memorised,  1 level left

Res.Fire  : . . .   See Invis. : .   (no weapon)
Res.Cold  : . . .   Warding    : .   K - +0 leather armour
Life Prot.: + . .   Conserve   : .   (no shield)
Res.Poison: +       Res.Corr.  : .   p - +2 helmet
Res.Elec. : +       Clarity    : .   (no cloak)
Sust.Abil.: . .     Spirit.Shd : .   (no gloves)
Res.Mut.  : .       Stasis     : .   (no boots)
Res.Rott. : +       Flight     : .   (no amulet)
Saprovore : . . .                    (no ring)
                                     (no ring)

@: slightly resistant to hostile enchantments, unstealthy
A: fangs 1, talons 2, life protection 1, electricity resistance, slow metabolism
1, unbreathing, petrification resistance, AC +5
a: no special abilities


You were on level 6 of the Dungeon.
You were hungry.

You visited 1 branch of the dungeon, and saw 6 of its levels.

You collected 378 gold pieces.

Inventory:

Hand weapons
 s - a +1,+1 dwarven sabre of holy wrath
Missiles
 u - 47 stones (quivered)
Armour
 c - a +0 robe
 p - a +2 helmet (worn)
 K - a +0 leather armour (worn)
Magical devices
 F - a wand of digging (6)
 J - a wand of cold (10) {unknown}
Comestibles
 a - a bread ration
 n - 2 meat rations
 A - 2 chokos
Scrolls
 e - a scroll of magic mapping {unknown}
 f - a scroll of random uselessness {unknown}
 h - 3 scrolls of amnesia {unknown}
 i - 7 scrolls of identify {unknown}
 k - 6 scrolls of remove curse {unknown}
 l - 2 scrolls of curse weapon {unknown}
 r - a scroll of enchant weapon I {unknown}
 x - 3 scrolls of teleportation {unknown}
 y - a scroll of blinking {unknown}
 z - 2 scrolls of curse jewellery {unknown}
 D - a scroll of recharging {unknown}
 G - a scroll of enchant weapon II {unknown}
Jewellery
 g - an uncursed ring of protection from fire {unknown}
 o - an uncursed amulet of guardian spirit {unknown}
 L - a cursed -2 ring of protection {unknown}
Potions
 b - a potion of might {unknown}
 j - 2 potions of paralysis {unknown}
 m - a potion of slowing {unknown}
 q - 2 potions of agility {unknown}
 t - 5 potions of curing {unknown}
 w - a potion of brilliance {unknown}
 B - a potion of degeneration {unknown}
 C - 2 potions of heal wounds {unknown}
 E - a potion of mutation {unknown}
 H - a potion of berserk rage {unknown}
 I - a potion of poison {unknown}
Books
 d - a book of Geomancy

   Spells                             Type                      Level
   *Sandblast                         Earth                        1
   Stoneskin                          Transmutation/Earth          2
   *Passwall                          Transmutation/Earth          3
   *Stone Arrow                       Conjuration/Earth            3
   *Petrify                           Transmutation/Earth          4
   *Lee's Rapid Deconstruction        Earth                        5


   Skills:
 - Level 1.5 Dodging
 - Level 2.1 Stealth
 - Level 5.1 Spellcasting
 - Level 0.7 Transmutations
 + Level 11.3 Earth Magic


You had one spell level left.
You knew the following spells:

 Your Spells              Type           Power        Failure   Level  Hunger
a - Sandblast             Erth           #####.       1%          1    None
b - Passwall              Trmt/Erth      ####......   3%          3    ###....
c - Stone Arrow           Conj/Erth      ####..       4%          3    ###....
d - Lee's Rapid Deconstr  Erth           #####.....   3%          5    #####..
e - Petrify               Trmt/Erth      ####....     14%         4    ####...


Dungeon Overview and Level Annotations

Branches:
Dungeon (6/16)
 Temple: D:4-7

Altars:
Trog
Xom

Annotations:
D:4 timbw's ghost, average DrAs
D:5 timbw's ghost, average DrMo


Innate Abilities, Weirdness & Mutations

You are resistant to torment.
You are immune to poison.
Your stone body is very resilient (AC +5).
You have very sharp teeth.
You have razor-sharp toenails.
You resist negative energy.
You are resistant to electric shocks.
You have a slow metabolism.
You can survive without breathing.
You are immune to petrification.


Message History

The adder bites you but does no damage. The adder closely misses you.
The adder bites you but does no damage. The adder bites you but does no damage.
Found 22 stones.
The adder bites you. The adder barely misses you.
The adder bites you but does no damage. The adder bites you.
The adder bites you but does no damage.
Casting: Sandblast
Confirm with . or Enter, or press ? or * to list all spells.
Which direction?
The adder bites you but does no damage. The ogre hits you with a giant club!
* * * LOW HITPOINT WARNING * * *
You begin to meditate on the wall.
You continue meditating on the rock.
The adder bites you but does no damage. The ogre hits you with a giant club.
* * * LOW HITPOINT WARNING * * *
You continue meditating on the rock.
The adder bites you but does no damage.
You continue meditating on the rock.
The ogre hits you with a giant club!
You die...

..............
.............. #.(#
###........... #..#
..#............ ####..#
..#............ .....#
..#...#######.####....#
..#...# #.##......#
..#...# #.##.O....#
..#...# #.##@SS...#
###...# #.####....#
......# #.# #....#
##....# #.# #....#
#....# #)# #....#
#....#######.# #....#
#..>.........####....#
#)...................#
#)#####..............#


You could see an ogre and 2 adders.

Vanquished Creatures
  Grinder (D:5)
  Edmund (D:6)
  An orc warrior (D:6)
  An ogre (D:5)
  Sigmund (D:3)
  Duvessa (D:4)
  Blork the orc (D:5)
  Dowan (D:4)
  2 crimson imps
  A giant frog zombie (D:6)
  2 orc priests (D:4)
  A giant frog skeleton (D:5)
  4 orc wizards (D:4)
  A hound (D:6)
  6 worker ants
  3 gnolls (D:3)
  14 adders
  A worker ant zombie (D:6)
  A giant mite (D:4)
  5 worms
  A giant eyeball (D:5)
  5 giant geckos
  12 orcs
  4 giant cockroaches
  10 goblins
  15 hobgoblins
  2 jackals (D:2)
  3 quokkas
  4 ball pythons
  16 bats
  6 giant newts
  A goblin skeleton (D:4)
  11 kobolds
  15 rats
  A rat skeleton (D:5)
155 creatures vanquished.

Vanquished Creatures (others)
  A giant spore (D:6)
1 creature vanquished.

Grand Total: 156 creatures vanquished

Notes
Turn   | Place    | Note
--------------------------------------------------------------
     0 | D:1      | Inkie, the Gargoyle Earth Elementalist, began the quest for the Orb.
     0 | D:1      | Reached XP level 1. HP: 10/10 MP: 3/3
   488 | D:1      | Reached skill level 4 in Earth Magic
   827 | D:1      | Reached XP level 2. HP: 15/15 MP: 4/4
  1630 | D:2      | Reached skill level 5 in Earth Magic
  1630 | D:2      | Reached XP level 3. HP: 8/19 MP: 0/5
  2060 | D:2      | Reached XP level 4. HP: 18/24 MP: 4/7
  2599 | D:2      | Reached skill level 6 in Earth Magic
  3400 | D:3      | Noticed Sigmund
  3407 | D:3      | Killed Sigmund
  3407 | D:3      | Reached skill level 7 in Earth Magic
  3407 | D:3      | Reached XP level 5. HP: 28/28 MP: 4/8
  3676 | D:3      | Reached XP level 6. HP: 32/32 MP: 6/9
  3709 | D:3      | Reached skill level 8 in Earth Magic
  4229 | D:3      | Learned a level 3 spell: Passwall
  4233 | D:3      | Learned a level 3 spell: Stone Arrow
  4437 | D:4      | Noticed timbw's ghost (average DrAs)
  5301 | D:4      | Found a shimmering altar of Xom.
  5405 | D:4      | You fall through a shaft for 2 floors!
  5413 | D:5      | Entered Level 5 of the Dungeon
  5413 | D:5      | Noticed timbw's ghost (average DrMo)
  6039 | D:5      | Noticed Grinder
  6046 | D:5      | Paralysed by Grinder for 6 turns
  6057 | D:5      | Paralysed by Grinder for 5 turns
  6063 | D:5      | Killed Grinder
  6063 | D:5      | Reached XP level 7. HP: 2/36 MP: 8/16
  6409 | D:5      | Paralysed by a giant eyeball for 3 turns
  6415 | D:5      | Paralysed by a giant eyeball for 4 turns
  7122 | D:4      | Reached skill level 5 in Spellcasting
  7257 | D:4      | Noticed Dowan
  7258 | D:4      | Noticed Duvessa
  7278 | D:4      | Killed Duvessa
  7278 | D:4      | Reached XP level 8. HP: 37/41 MP: 15/19
  7292 | D:4      | Killed Dowan
  7292 | D:4      | Reached skill level 9 in Earth Magic
  7980 | D:5      | Noticed Blork the orc
  7995 | D:5      | Killed Blork the orc
  7995 | D:5      | Reached skill level 10 in Earth Magic
  8004 | D:5      | Learned a level 5 spell: Lee's Rapid Deconstruction
  8009 | D:5      | Learned a level 4 spell: Petrify
  8429 | D:6      | Noticed Edmund
  8439 | D:6      | Killed Edmund
  8704 | D:6      | Reached skill level 11 in Earth Magic
  9212 | D:6      | Found a bloodstained altar of Trog.
  9255 | D:6      | Slain by an ogre

Action                   |  1- 3 |  4- 6 |  7- 9 || total
-------------------------+-------+-------+-------++-------
Melee: Unarmed           |   133 |   354 |   395 ||   882
       Sabre             |       |    12 |       ||    12
Throw: Stone             |     2 |       |       ||     2
 Cast: Sandblast         |    12 |    63 |    79 ||   154
       Stone Arrow       |       |       |     1 ||     1
       Passwall          |       |       |     3 ||     3
 Stab: Sleeping          |     3 |     3 |       ||     6
